 Dungeon Crawl Stone Soup version 0.23-a0-494-g91793a9 (webtiles) character file.

6225 MalarOregon the Spear-Bearer (level 10, -7/80 HPs)
             Began as a Merfolk Gladiator on Dec 3, 2018.
             Was a Believer of Okawaru.
             Mangled by a blink frog (15 damage)
             ... on level 1 of the Lair of Beasts.
             The game lasted 00:34:14 (13090 turns).

MalarOregon the Spear-Bearer (Merfolk Gladiator)   Turns: 13090, Time: 00:34:15

Health: -7/80      AC: 10    Str: 17    XL:     10   Next: 92%
Magic:  14/14      EV: 18    Int: 12    God:    Okawaru [**....]
Gold:   482        SH:  0    Dex: 15    Spells: 12/15 levels left

rFire    . . .     SeeInvis .   a - +1 trident
rCold    x . .     Gourm    .   A - +2 buckler {AC+3}
rNeg     . . .     Faith    .   i - +0 leather armour (curse)
rPois    +         Spirit   .   E - +2 helmet
rElec    +         Reflect  .   r - +2 cloak (curse)
rCorr    .         Harm     .   z - +1 pair of gloves of the Beggar {rElec rPois rC-}
MR       .....                  (no boots)
Stlth    +.........             (no amulet)
HPRegen  0.23/turn              w - +3 ring of strength
MPRegen  0.14/turn              l - -4 ring of protection (curse)

@: confused
A: change form in water, swift swim, stealthy swim
a: Heroism, Renounce Religion


You were on level 1 of the Lair of Beasts.
You worshipped Okawaru.
Okawaru was pleased with you.
You were hungry.

You visited 3 branches of the dungeon, and saw 12 of its levels.

You collected 563 gold pieces.
You spent 81 gold pieces at shops.

Inventory:

Hand Weapons
 a - a +1 trident (weapon)
Missiles
 d - 2 throwing nets {!f}
 g - 13 tomahawks of returning (quivered)
Armour
 b - a +2 leather armour
 i - a cursed +0 leather armour (worn)
   (You found it on level 4 of the Dungeon)
 p - a cursed -1 leather armour
   (You found it on level 4 of the Dungeon)
 r - a cursed +2 cloak (worn)
   (You took it off Crazy Yiuf on level 2 of the Dungeon)
 z - the +1 pair of gloves of the Beggar (worn) {rElec rPois rC-}
   (You acquired it on level 8 of the Dungeon)

   It makes you vulnerable to cold.
   It insulates you from electricity.
   It protects you from poison.
 A - a +2 buckler of protection (worn)
   (You acquired it on level 8 of the Dungeon)
 B - the +0 scale mail "Put-Me-On" {+Blink Regen+ Int+3 Dex-3}
   (You acquired it on level 8 of the Dungeon)

   It affects your intelligence (+3).
   It affects your dexterity (-3).
   It lets you blink.
   It increases your rate of regeneration.
 D - a scarf of spirit shield
   (You found it on level 8 of the Dungeon)
 E - a +2 helmet (worn)
Jewellery
 l - a cursed -4 ring of protection (right hand)
   (You found it on level 1 of the Dungeon)
 w - a +3 ring of strength (left hand)
   (You found it on level 6 of the Dungeon)
Wands
 c - a wand of disintegration (15)
   (You found it on level 6 of the Dungeon)
 s - a wand of clouds (6)
   (You found it on level 4 of the Dungeon)
 t - a wand of flame (15)
   (You found it on level 9 of the Dungeon)
 x - a wand of acid (5)
   (You found it on level 8 of the Dungeon)
 F - a wand of polymorph (12)
   (You found it on level 8 of the Dungeon)
Scrolls
 m - 5 scrolls of teleportation {@r4}
 n - a scroll of blinking
 y - a scroll of fog
 H - 2 scrolls of magic mapping
Potions
 f - a potion of brilliance
 h - 3 potions of curing {@q1}
 j - 2 potions of ambrosia
 k - 3 potions of magic
 o - 2 potions of lignification {!q}
 q - 3 potions of resistance
 u - a potion of agility
 C - a potion of haste {@q3}
Comestibles
 e - 21 rations {!d}


   Skills:
 * Level 7.7 Fighting
 * Level 10.4 Polearms
 + Level 5.1 Throwing
 + Level 3.3 Armour
 * Level 9.6 Dodging
 - Level 4.0 Shields
 - Level 3.0 Spellcasting
 - Level 2.0 Conjurations
 - Level 2.0 Air Magic
 + Level 4.3 Poison Magic
 + Level 3.8 Evocations


You had 12 spell levels left.
You knew the following spells:

 Your Spells              Type           Power        Failure   Level  Hunger
f - Mephitic Cloud        Conj/Pois/Air  #.......     28%         3    ###....

Your spell library contained the following spells:

 Spells                   Type           Power        Failure   Level  Hunger
 Magic Dart               Conj           #...         13%         1    #......
 Animate Skeleton         Necr           N/A          28%         1    #......
 Apportation              Tloc           #.....       28%         1    #......
 Confusing Touch          Hex            #.....       28%         1    #......
 Sandblast                Erth           #.....       28%         1    #......
 Summon Small Mammal      Summ           #...         28%         1    #......
 Blink                    Tloc           N/A          41%         2    ###....
 Call Imp                 Summ           #.......     41%         2    ###....
 Passwall                 Tmut/Erth      #.......     41%         2    ###....
 Slow                     Hex            #.......     41%         2    ###....
 Conjure Flame            Conj/Fire      #.......     50%         3    ###....
 Stone Arrow              Conj/Erth      #.....       50%         3    ###....
 Petrify                  Tmut/Erth      #.......     96%         4    #####..
 Lee's Rapid Deconstruct  Erth           #.........   100%        5    ######.


Dungeon Overview and Level Annotations

Branches:
Dungeon (10/15)            Temple (1/1) D:6            Lair (1/6) D:9
    Orc: D:9-12

Altars:
Ashenzari
Cheibriados
Dithmenos
Elyvilon
Fedhas
Gozag
Hepliaklqana
Kikubaaqudgha
Makhleb
Nemelex Xobeh
Okawaru
Qazlal
Ru
Sif Muna
Trog
Uskayaw
Vehumet
Wu Jian
Xom
Yredelemnul
Zin
The Shining One

Shops:
D:4 *   D:5 *   D:8 }

Annotations:
D:7 3 runed doors, Xoff's ghost, amateur MiFi; feelmyfire's ghost, novice NaNe; phyphor's ghost, novice VSBe
D:10 Urug


Message History

You closely miss the basilisk. The basilisk gazes at you.
You resist with some effort.
You miss the basilisk. The basilisk gazes at you. You resist with some effort.
You hit the basilisk but do no damage. The basilisk barely misses you.
You hit the basilisk but do no damage. You hit the basilisk.
The basilisk gazes at you. You resist with some effort.
The blink frog completely misses you.
You hit the basilisk. You block the basilisk's attack.
You barely miss the basilisk.
The blink frog blinks!
The basilisk gazes at you. You resist with some effort.
You hit the basilisk. The blink frog closely misses you.
You block the basilisk's attack.
You are feeling hungry.
You hit the basilisk but do no damage.
The blink frog blinks!
The blink frog hits you.
The blink frog blinks!
You closely miss the basilisk. The blink frog misses you.
The basilisk bites you!
You closely miss the basilisk. The blink frog barely misses you.
The basilisk misses you.
You barely miss the basilisk. The blink frog hits you.
The basilisk closely misses you. The blink frog hits you!
You puncture the basilisk! The blink frog hits you.
The basilisk bites you but does no damage.
You puncture the basilisk! The blink frog hits you!
The blink frog blinks!
You hit the basilisk. The blink frog completely misses you.
The basilisk gazes at you. You resist with some effort.
You closely miss the basilisk. The basilisk gazes at you.
You resist with some effort.
You hit the basilisk. The blink frog hits you!
* * * LOW HITPOINT WARNING * * *
The blink frog hits you!
* * * LOW HITPOINT WARNING * * *
The basilisk gazes at you. You resist with some effort.
All of the chunks of flesh in your inventory have rotted away.
You miss the basilisk. The blink frog hits you!
* * * LOW HITPOINT WARNING * * *
The blink frog closely misses you.
You are confused.
You feel invigorated. The blink frog hits you.
* * * LOW HITPOINT WARNING * * *
The blink frog hits you!
You die...

### #####
##########.###.#.######.
...............F@l......
................FF......
#...#....##..##..##.....
...###..###..#...# ....
....##..# #..##..≈≈ ...
P...##..# #...#...≈≈ .$
#...##..# ...##..#≈≈≈ .
#..###..###......#≈≈≈
...# #..#


You could see a basilisk and 3 blink frogs.

Vanquished Creatures
  A komodo dragon (Lair:1)
  A hornet (D:8)
  Grinder (D:4)
  2 hippogriffs
  5 yaks
  2 hungry ghosts (D:8)
  Menkaure (D:7)
  2 water moccasins
  2 soldier ants (D:8)
  Duvessa (D:6)
  4 ice beasts
  4 black bears
  A centaur (D:6)
  4 ogres
  A crocodile (Lair:1)
  Blork the orc (D:5)
  A big kobold (D:8)
  Dowan (D:6)
  6 bullfrogs
  2 scorpions (D:7)
  5 wights
  6 killer bees (D:9)
  2 vampire bats (D:9)
  2 howler monkeys (D:9)
  A crimson imp (D:9)
  3 jellies
  4 hounds
  5 orc wizards
  Crazy Yiuf (D:2)
  A bullfrog skeleton (D:9)
  A gnoll shaman (D:4)
  4 iguanas
  Terence (D:3)
  Ijyb (D:4)
  6 worker ants
  A hound zombie (D:6)
  A worker ant zombie (D:8)
  16 gnolls
  11 adders
  An ooze (D:1)
  An adder skeleton (D:6)
  A dart slug (D:1)
  5 leopard geckos
  14 orcs
  A bat skeleton (D:9)
  5 bat zombies (D:9)
  7 giant cockroaches
  8 goblins
  7 hobgoblins
  6 jackals
  13 kobolds
  2 quokkas
  4 ball pythons
  7 bats
  8 frilled lizards
  2 jackal skeletons (D:6)
  A leopard gecko zombie (D:6)
  11 rats
219 creatures vanquished.

Vanquished Creatures (others)
  2 withered plants (D:7)
2 creatures vanquished.

Grand Total: 221 creatures vanquished

Notes
Turn   | Place    | Note
-------+----------+-------------------------------------------
     0 | D:1      | MalarOregon the Merfolk Gladiator began the quest for the
                  | Orb.
     0 | D:1      | Reached XP level 1. HP: 16/16 MP: 1/1
    94 | D:1      | Reached XP level 2. HP: 17/23 MP: 2/2
   336 | D:1      | Reached XP level 3. HP: 28/28 MP: 3/3
   393 | D:1      | Reached skill level 5 in Polearms
   645 | D:2      | Reached XP level 4. HP: 24/35 MP: 4/4
   945 | D:2      | Found a shattered altar of Ashenzari.
  1084 | D:2      | Found a runed door.
  1227 | D:2      | Found a stormy altar of Qazlal.
  1230 | D:2      | Found a burning altar of Makhleb.
  1234 | D:2      | Found a deep blue altar of Sif Muna.
  1238 | D:2      | Found a snail-covered altar of Cheibriados.
  1272 | D:2      | Reached skill level 1 in Shields
  1309 | D:2      | Reached XP level 5. HP: 21/41 MP: 5/5
  1443 | D:2      | Reached skill level 5 in Dodging
  1701 | D:2      | Noticed Crazy Yiuf
  1708 | D:2      | Killed Crazy Yiuf
  1930 | D:3      | Noticed Terence
  1958 | D:3      | HP: 2/41 [goblin/+0 club (1)]
  2003 | D:3      | Killed Terence
  2385 | D:3      | Reached skill level 1 in Armour
  2592 | D:3      | Learned a level 3 spell: Mephitic Cloud
  2592 | D:3      | Found a sacrificial altar of Ru.
  2608 | D:3      | Reached skill level 6 in Polearms
  2608 | D:3      | Reached XP level 6. HP: 39/48 MP: 6/6
  2900 | D:4      | Noticed Ijyb
  2960 | D:4      | Killed Ijyb
  3358 | D:4      | Found an opulent altar of Gozag.
  3450 | D:4      | Noticed Grinder
  3463 | D:4      | Paralysed by Grinder for 6 turns
  3483 | D:4      | Killed Grinder
  3483 | D:4      | Reached XP level 7. HP: 22/54 MP: 6/8
  3700 | D:4      | Found Dueteemp's Assorted Antiques.
  3703 | D:4      | Bought a scroll labeled ROHES HAMNES for 28 gold pieces
  3703 | D:4      | Bought a scroll labeled DOEC OJEAM for 28 gold pieces
  3703 | D:4      | Bought a sedimented pink potion for 25 gold pieces
  3961 | D:5      | Entered Level 5 of the Dungeon
  3961 | D:5      | Found Iddetuof's Elemental Accessories.
  4000 | D:5      | HP: 1/54 [acid (8)]
  4512 | D:5      | Noticed Blork the orc
  4537 | D:5      | Killed Blork the orc
  4537 | D:5      | Reached skill level 1 in Spellcasting
  4537 | D:5      | Reached skill level 1 in Poison Magic
  4718 | D:4      | Reached skill level 1 in Air Magic
  4958 | D:5      | Reached skill level 1 in Conjurations
  4985 | D:5      | Found a radiant altar of Vehumet.
  4993 | D:5      | Found a shadowy altar of Dithmenos.
  5147 | D:5      | Found a bloodstained altar of Trog.
  5329 | D:5      | Reached XP level 8. HP: 59/61 MP: 9/9
  5534 | D:5      | Reached skill level 7 in Polearms
  5553 | D:5      | Reached skill level 1 in Evocations
  5851 | D:6      | Found an iron altar of Okawaru.
  6049 | D:5      | Reached skill level 5 in Fighting
  6151 | D:6      | Found a bloodstained altar of Trog.
  6393 | D:6      | Noticed Duvessa
  6805 | D:6      | Found a white marble altar of Elyvilon.
  6882 | D:6      | Killed Duvessa
  6882 | D:6      | Reached XP level 9. HP: 49/68 MP: 11/11
  6910 | D:6      | Noticed Dowan
  6926 | D:6      | Killed Dowan
  7225 | D:6      | Reached skill level 8 in Polearms
  7386 | D:6      | Found a staircase to the Ecumenical Temple.
  7497 | Temple   | Entered the Ecumenical Temple
  8008 | D:6      | Became a worshipper of Warmaster Okawaru
  8015 | D:6      | Found a bloodstained altar of Trog.
  8155 | D:6      | Found a white marble altar of Elyvilon.
  8377 | D:6      | Found a staircase to the Ecumenical Temple.
  9118 | D:7      | Found a shimmering altar of Xom.
  9175 | D:7      | Noticed Menkaure
  9196 | D:7      | Killed Menkaure
  9198 | D:7      | Found a runed gate.
  9198 | D:7      | Found a runed gate.
  9202 | D:7      | Found a runed gate.
  9486 | D:7      | Noticed feelmyfire's ghost (novice NaNe)
  9487 | D:7      | Noticed Xoff's ghost (amateur MiFi)
  9487 | D:7      | Noticed phyphor's ghost (novice VSBe)
  9682 | D:8      | Identified 2 scrolls of acquirement
  9683 | D:8      | Got an amber-encrusted scale mail
  9694 | D:8      | Identified the +0 scale mail "Put-Me-On" {+Blink Regen+
                  | Int+3 Dex-3} (You acquired it on level 8 of the Dungeon)
  9764 | D:8      | Reached * piety under Okawaru
  9794 | D:8      | Found Vuluter's Gadget Emporium.
  9842 | D:8      | Reached skill level 9 in Polearms
 10004 | D:8      | Reached XP level 10. HP: 77/77 MP: 12/14
 10569 | D:8      | Got a pair of brightly glowing gloves
 10575 | D:8      | Identified the +1 pair of gloves of the Beggar {rElec rPois
                  | rC-} (You acquired it on level 8 of the Dungeon)
 10659 | D:8      | Reached ** piety under Okawaru
 10851 | D:9      | Found a sparkling altar of Nemelex Xobeh.
 11537 | D:9      | Found a staircase to the Lair.
 11683 | D:9      | Found an ancient bone altar of Kikubaaqudgha.
 11817 | D:10     | Entered Level 10 of the Dungeon
 11873 | D:10     | Noticed Urug
 12131 | Lair:1   | Entered Level 1 of the Lair of Beasts
 12160 | Lair:1   | Reached skill level 10 in Polearms
 12552 | D:9      | Reached skill level 5 in Throwing
 12812 | D:9      | Reached *** piety under Okawaru
 12812 | D:9      | Received a gift from Okawaru
 13090 | Lair:1   | Mangled by a blink frog

Vault maps used:
D:1:      elethiomel_arrival_diamonds
D:2:      minitemple, nicolae_ashenzari_panopticon, minmay_tetromino_s2,
          uniq_crazy_yiuf_cottage
D:3:      nicolae_ru_awakened_eye, first_ration, uniq_terence
D:4:      nicolae_gozag_seed_capital, serial_shops,
          nicolae_shop_window_shopping, uniq_grinder, uniq_ijyb
D:5:      old_standard_altar, lemuel_doored_altar, nicolae_elemental_shop,
          hangedman_decor_growths, nicolae_dithmenos_the_darkroom,
          uniq_blork_the_orc
D:6:      okawaru_metal_pillars_1_2, old_standard_altar,
          lemuel_temple_firewalk_b, trog_ov_bears_minmay, uniq_duvessa
D:7:      gammafunk_ghost_cemetery, basic_altar, uniq_menkaure
D:8:      serial_shops, nicolae_shop_trees, hangedman_pestilent_swarm,
          minivault_26
D:9:      nemelex_xobeh_ov_fountains_minmay, kennysheep_vampire_church,
          lair_entry_dummy, grunt_ministairs_11
D:10:     serial_shops, nicolae_shop_crystal, minmay_crystal_water, uniq_psyche,
          uniq_snorg, uniq_urug, uniq_sonja
Temple:   compressed_dpeg_triangle_lava_temple
Lair:1:   st_stairs_5, chequers_serial_rivers_small_a

Skill      XL: |  1  2  3  4  5  6  7  8  9 10 |
---------------+-------------------------------+-----
Polearms       | 5 6 7 9 10 | 10.4
Fighting       | 3 4 5 6 7 |  7.7
Shields        | 1 2 3 4 |  4.0
Dodging        | 5 6 7 8 9 |  9.6
Armour         | 1 2 3 |  3.3
Spellcasting   | 1 2 3 |  3.0
Poison Magic   | 1 2 3 4 |  4.3
Throwing       | 3 4 5 |  5.1
Air Magic      | 1 2 |  2.0
Conjurations   | 1 2 |  2.0
Evocations     | 1 2 3 |  3.8

Action                   |  1- 3 |  4- 6 |  7- 9 | 10-12 || total
-------------------------+-------+-------+-------+-------++-------
Melee: Trident           |    90 |   243 |   731 |   344 ||  1408
       Unarmed           |       |     4 |       |       ||     4
Throw: Throwing net      |       |       |     1 |       ||     1
Invok: Heroism           |       |       |       |     1 ||     1
Evoke: Wand              |       |       |       |     2 ||     2
  Use: Scroll            |       |    12 |    12 |     5 ||    29
       Potion            |       |       |       |     5 ||     5
 Stab: Sleeping          |       |     3 |     2 |       ||     5
       Distracted        |       |     1 |       |     1 ||     2
  Eat: Chunk             |       |     9 |    21 |    12 ||    42
       Ration            |       |       |     2 |       ||     2
Armor: Leather armour    |    18 |    40 |   165 |    56 ||   279
       Scale mail        |       |       |    79 |     6 ||    85
Dodge: Dodged            |    53 |   118 |   444 |   228 ||   843
Block: Buckler           |       |    26 |   164 |    85 ||   275

Table legend:
 A = Non-vault XP
 B = Vault XP
 C = Vault XP percentage of total XP
 D = Non-vault monster count
 E = Vault monster count
 F = Vault count percentage of total count
                 A         B        C        D         E       F
            +---------+---------+-------+---------+---------+-------
      Total |    6727 |    2166 |  24.4 |     186 |      33 |  15.1
            +---------+---------+-------+---------+---------+-------
        D:1 |      57 |       9 |  13.6 |      24 |       7 |  22.6
        D:2 |     111 |      54 |  32.7 |      19 |       2 |   9.5
        D:3 |      92 |      36 |  28.1 |      20 |       1 |   4.8
        D:4 |     216 |     297 |  57.9 |      11 |       2 |  15.4
        D:5 |     669 |     226 |  25.3 |      27 |       2 |   6.9
        D:6 |     748 |     353 |  32.1 |      24 |       3 |  11.1
        D:7 |     763 |     172 |  18.4 |      14 |       1 |   6.7
        D:8 |    1344 |     603 |  31.0 |      25 |       4 |  13.8
        D:9 |    2074 |     315 |  13.2 |      19 |      10 |  34.5
     Lair:1 |     653 |     101 |  13.4 |       3 |       1 |  25.0
            +---------+---------+-------+---------+---------+-------
